 Dungeon Crawl Stone Soup version 0.29.1-15-g9cfb28693d (webtiles) character file.

Game seed: 16200145945960923096

325 Heoruswealwe the Magician (level 6, 0/32 HPs)
             Began as a Deep Elf Summoner on Feb 21, 2023.
             Succumbed to a water moccasin's poison
             ... on level 4 of the Dungeon.
             The game lasted 00:57:01 (4684 turns).

Heoruswealwe the Magician (Deep Elf Summoner)       Turns: 4684, Time: 00:57:01

Health: 0/32       AC:  5    Str:  5    XL:     6   Next: 24%
Magic:  9/17       EV: 12    Int: 22    God:
Gold:   229        SH:  0    Dex: 15    Spells: 14/18 levels left

rFire   + . .      SeeInvis .   n - +1 dagger (venom)
rCold   + . .      Faith    .   (no shield)
rNeg    . . .      Spirit   .   j - +1 robe
rPois   .          Reflect  .   A - +0 helmet
rElec   .          Harm     .   I - scarf {rC+ rF+}
rCorr   .          Rampage  .   y - +0 pair of gloves
Will    .....                   (no boots)
Stlth   ++........              (no amulet)
HPRegen 0.10/turn               (no ring)
MPRegen 0.15/turn               (no ring)

@: lethally poisoned (0 -> -14)
A: no striking features
a: no special abilities


You were on level 4 of the Dungeon.
You visited 1 branch of the dungeon, and saw 4 of its levels.

You collected 229 gold pieces.

Inventory:

Hand Weapons
 a - a +0 dagger
 d - a +0 sling
 n - a +1 dagger of venom (weapon)
Armour
 j - a +1 robe (worn)
 y - a +0 pair of gloves (worn)
 A - a +0 helmet (worn)
 I - a scarf of resistance (worn)
Wands
 M - a wand of quicksilver (12)
Scrolls
 c - a scroll of fear
 q - 2 scrolls of teleportation
Potions
 b - a potion of magic


   Skills:
 - Level 2.4 Dodging
 - Level 2.4 Stealth
 + Level 6.6 Spellcasting
 + Level 6.6 Summonings


You had 14 spell levels left.
You knew the following spells:

 Your Spells              Type           Power      Damage    Failure   Level
a - Summon Small Mammal   Summ           100%       N/A       1%          1
b - Call Canine Familiar  Summ           36%        N/A       1%          3

Your spell library contained the following spells:

 Spells                   Type           Power      Damage    Failure   Level
 Call Imp                 Summ           36%        N/A       1%          2
 Summon Guardian Golem    Hex/Summ       21%        N/A       7%          3
 Summon Lightning Spire   Summ/Air       21%        N/A       22%         4


Dungeon Overview and Level Annotations

Branches:
Dungeon (4/15)
 Temple: D:4-7

Altars:
Hepliaklqana
Xom
Yredelemnul
Zin


Message History

Your hound closely misses the water moccasin.
You feel very sick.
Your hound bites the water moccasin.
The water moccasin attacks as you move away!
The water moccasin completely misses you.
You feel sick. The water moccasin closely misses you.
You feel sick.
Your hound closely misses the water moccasin.
You closely miss the water moccasin.
The water moccasin is heavily wounded.
You feel sick. The water moccasin barely misses you.
Your hound closely misses the water moccasin.
The water moccasin bites you.
You hit the water moccasin but do no damage.
The water moccasin is heavily wounded.
You feel sick.
Your hound closely misses the water moccasin.
The water moccasin barely misses you.
Your hound misses the water moccasin. You closely miss the water moccasin.
The water moccasin is heavily wounded.
You feel sick. The water moccasin bites you.
Your hound bites the water moccasin.
You closely miss the water moccasin.
The water moccasin is severely wounded.
You feel sick. The water moccasin bites you.
You are lethally poisoned!
The water moccasin poisons you!
Your hound misses the water moccasin. The water moccasin bites you.
* * * LOW HITPOINT WARNING * * *
Your hound bites the water moccasin but does no damage.
You hit the water moccasin.
The water moccasin is severely wounded.
* * * LOW HITPOINT WARNING * * *
You feel very sick. The water moccasin closely misses you.
Your hound bites the water moccasin.
Okay, then.
Okay, then.
You hit the water moccasin.
You kill the water moccasin!
You die...

###############
#.............#
#........@....#
#.............#
#........h....#####
....#
#..................
....#
#..............###
...!#
#................#
....#
#...........<..#.#
....#
#####.########.#.#
....# #.#
#........###.


You could see a friendly hound (summoned).

Vanquished Creatures
  A water moccasin (D:4)
  An adder (D:3)
  A dart slug (D:3)
  An orc (D:3)
  An endoplasm (D:1)
  2 giant cockroaches
  A goblin (D:3)
  2 hobgoblins
  A ball python (D:1)
  A bat (D:1)
  3 frilled lizards
  4 kobolds
  2 rats (D:1)
21 creatures vanquished.

Vanquished Creatures (collateral kills)
  An ogre (D:4)
  A lemure (D:3)
  Jessica (D:3)
  3 gnolls (D:3)
  An adder (D:3)
  3 worms (D:2)
  8 endoplasms
  2 giant cockroaches
  4 hobgoblins
  4 jackals (D:1)
  4 kobolds
  2 quokkas
  8 ball pythons
  6 bats
  3 frilled lizards
  7 goblins
  2 rats
60 creatures vanquished.

Vanquished Creatures (others)
  8 fungi (D:2)
  5 plants (D:2)
13 creatures vanquished.

Grand Total: 94 creatures vanquished

Notes
Turn   | Place    | Note
-------+----------+-------------------------------------------
     0 | D:1      | Heoruswealwe the Deep Elf Summoner began the quest for the
                  | Orb.
     0 | D:1      | Reached XP level 1. HP: 10/10 MP: 6/6
   293 | D:1      | Reached XP level 2. HP: 13/15 MP: 5/8
   997 | D:1      | Reached XP level 3. HP: 19/19 MP: 10/10
  1038 | D:1      | Learned a level 3 spell: Call Canine Familiar
  1237 | D:2      | Reached skill level 5 in Summonings
  1725 | D:2      | Found a faded altar of an unknown god.
  1783 | D:2      | Prayed at the altar of an unknown god.
  1783 | D:2      | Became a worshipper of Xom of Chaos
  1786 | D:2      | Fell from the grace of Xom
  2632 | D:3      | Noticed Jessica
  2638 | D:3      | Killed Jessica
  2639 | D:3      | Reached XP level 4. HP: 24/24 MP: 10/12
  2723 | D:3      | Reached skill level 5 in Spellcasting
  2896 | D:3      | Identified the ring "Gentuir" {+Blink rPois Will+ Str-5}
  2975 | D:3      | Reached XP level 5. HP: 22/28 MP: 8/14
  3175 | D:3      | XOM: scenery: 1 doors close
  3271 | D:3      | XOM: god gift: leather armour {god gift}
  3283 | D:3      | XOM: summons 4 hostile demons
  3393 | D:2      | XOM: noise
  3496 | D:3      | Found a hazy altar of Hepliaklqana.
  3572 | D:3      | Noticed Grinder
  3573 | D:3      | Paralysed by Grinder for 3 turns
  3599 | D:3      | Noticed Grinder
  3599 | D:3      | Grinder changed into Grinder the lemure
  3599 | D:3      | XOM: polymorph Grinder -> Grinder the lemure
  3616 | D:3      | Killed Grinder the lemure
  3640 | D:3      | Found a basalt altar of Yredelemnul.
  3743 | D:3      | Found a glowing silver altar of Zin.
  3964 | D:3      | XOM: summons 11 hostile demons
  3965 | D:3      | Noticed a rust devil
  3965 | D:3      | Noticed a smoke demon
  4642 | D:4      | Noticed an ogre
  4643 | D:4      | Noticed a water moccasin
  4653 | D:4      | Killed an ogre
  4654 | D:4      | Reached XP level 6. HP: 32/32 MP: 14/17
  4684 | D:4      | Killed a water moccasin
  4684 | D:4      | Succumbed to a water moccasin's poison

Illustrated notes

Levels and vault maps discovered:
D:1:      dreamdust_arrival_sigmund_warning, layout_basic, st_stairs_10,
          minmay_domino_2
D:2:      layout_basic, shapermc_ecumenical_altar_mp_urbaneastern,
          lightli_corner_chamber
D:3:      layout_basic, worldfamousw_hep_ancestral_shrine, zin_treasury,
          overflow_temple_1_default, kennysheep_generic_room_2, uniq_grinder,
          uniq_jessica
D:4:      layout_basic, minmay_temple_entry_enclosed_plants

Skill      XL: |  1  2  3  4  5 |
---------------+----------------+-----
Spellcasting   | 4 5 6 |  6.6
Summonings     | 5 6 |  6.6
Dodging        | |  2.4
Stealth        | |  2.4

Action                   |  1- 3 |  4- 6 || total
-------------------------+-------+-------++-------
Melee: Dagger            |    72 |    52 ||   124
       Punch             |     1 |       ||     1
 Cast: Summon Small Mamm |    25 |     9 ||    34
       Call Canine Famil |    11 |    20 ||    31
Invok: Renounce Religion |     1 |       ||     1
  Use: Scroll            |     6 |     7 ||    13
       Potion            |     1 |     3 ||     4
 Stab: Sleeping          |     4 |       ||     4
Armor: Robe              |    11 |     9 ||    20
       Skin              |       |   115 ||   115
Dodge: Dodged            |    43 |    51 ||    94
